 Dungeon Crawl Stone Soup version 0.22-a0-303-g4a852b3 (webtiles) character file.

42 Glaeka the Magician (level 3, 0/26 HPs)
             Began as a Hill Orc Wizard on Feb 24, 2018.
             Slain by a hound (1 damage)
             ... on level 2 of the Dungeon on Mar 27, 2018.
             The game lasted 00:10:10 (1266 turns).

Glaeka the Magician (Hill Orc Wizard)               Turns: 1266, Time: 00:10:11

Health: 0/26       AC:  2    Str:  9    XL:     3   Next: 56%
Magic:  0/7        EV: 12    Int: 19    God:
Gold:   35         SH:  0    Dex:  9    Spells: 2/8 levels left

rFire    . . .     SeeInvis .   a - +1 spear (venom)
rCold    . . .     Gourm    .   (no shield)
rNeg     . . .     Faith    .   d - +0 robe
rPois    .         Spirit   .   b - +0 hat
rElec    .         Reflect  .   (no cloak)
rCorr    .         Harm     .   (no gloves)
MR       .....                  (no boots)
Stlth    ++........             (no amulet)
HPRegen  0.08/turn              (no ring)
MPRegen  0.10/turn              (no ring)

@: very slightly contaminated
A: no striking features
a: no special abilities


You were on level 2 of the Dungeon.
You were hungry.

You visited 1 branch of the dungeon, and saw 2 of its levels.

You collected 35 gold pieces.

Inventory:

Hand Weapons
 a - a +1 spear of venom (weapon)
 j - a +0 short sword
Missiles
 e - 5 poisoned needles
Armour
 b - a +0 hat (worn)
 d - a +0 robe (worn)
Scrolls
 f - a scroll of remove curse
 g - a scroll of identify
 h - a scroll of teleportation {unknown}
 i - a scroll of magic mapping {unknown}
Comestibles
 c - 2 rations


   Skills:
 - Level 1.5 Dodging
 + Level 1.8 Stealth
 + Level 3.1 Spellcasting
 * Level 1.7 Conjurations
 + Level 1.0 Summonings
   Level 0.7 Translocations


You had 2 spell levels left.
You knew the following spells:

 Your Spells              Type           Power        Failure   Level  Hunger
a - Magic Dart            Conj           #...         8%          1    None
b - Call Imp              Summ           #.......     14%         2    ##.....
c - Mephitic Cloud        Conj/Pois/Air  #.......     34%         3    ###....


Dungeon Overview and Level Annotations

Branches:
Dungeon (2/15)

Altars:

Annotations:
D:2 Robin


Message History

You are very lightly contaminated with residual magic.
You hear a whooshing sound.
The hound bites you.
You miss the hound. The hound bites you.
You closely miss the hound. The hound bites you. The hound closely misses you.
You barely miss the hound. The hound misses you. The hound bites you.
The hound bites you.
* * * LOW HITPOINT WARNING * * *
Casting: Mephitic Cloud (safe; 34% risk of failure)
Confirm with . or Enter, or press ? or * to list all spells.
Aiming: Mephitic Cloud (safe; 34% risk of failure)
Press: ? - help, Shift-Dir - straight line, p - hound You miscast Mephitic Cloud.
You smell something strange.
The hound misses you.
You completely miss the hound. The hound closely misses you.
The hound bites you.
* * * LOW HITPOINT WARNING * * *
You hit the hound.
The hound is poisoned.
The hound is lightly wounded.
The hound bites you.
You die...

#.......# #.# #.##.# #.
#.......# #.# #.##.# #.
#.......# #.# #.##.# #.
#.......####.# #.##.####.
#.......#...)# #.##.##<#.
#####.#.#.#######.##.##.#.
#.#.#.#.......##.##.#. .
###.#gh.)..........##.#.
...
+.#.#.#@#.###########.#.
.#...#.#.#g#.#.# #.#.
.'..K....K.#.#.# #.#.
.#..g..#####.#.# #.#.
....... ....# #.#. ......#
#.### #.#. ...... ..# #.#.
..#... ### #.#) . ... #.#.


You could see a hound and a hobgoblin.

Vanquished Creatures
  An ooze (D:1)
  A dart slug (D:1)
  A leopard gecko (D:1)
  A ball python (D:1)
  A giant cockroach (D:1)
  4 goblins
  2 hobgoblins (D:1)
  2 jackals (D:1)
  5 kobolds
  A quokka (D:2)
  4 bats (D:1)
  2 frilled lizards (D:1)
  5 rats (D:1)
30 creatures vanquished.

Vanquished Creatures (collateral kills)
  A dart slug (D:1)
  A kobold (D:1)
  A goblin (D:1)
  A rat (D:1)
4 creatures vanquished.

Grand Total: 34 creatures vanquished

Notes
Turn   | Place    | Note
-------+----------+-------------------------------------------
     0 | D:1      | Glaeka the Hill Orc Wizard began the quest for the Orb.
     0 | D:1      | Reached XP level 1. HP: 14/14 MP: 3/3
   112 | D:1      | Reached XP level 2. HP: 2/20 MP: 0/5
   116 | D:1      | Learned a level 2 spell: Call Imp
   332 | D:1      | Reached skill level 3 in Spellcasting
   357 | D:1      | Upgraded the game from 0.22-a0-247-gbddf880 to 0.22-a0-303-g4a852b3
   585 | D:1      | Reached XP level 3. HP: 25/26 MP: 4/7
   590 | D:1      | Learned a level 3 spell: Mephitic Cloud
  1021 | D:2      | Noticed Robin
  1265 | D:2      | HP: 1/26 [hound (6)]
  1266 | D:2      | Slain by a hound

Vault maps used:
D:1:      shiori_arrival_oz, hangedman_decor_points
D:2:      nicolae_ashenzari_panopticon, kennysheep_another_room, uniq_jessica,
          uniq_sigmund, uniq_robin

Skill      XL: |  1  2 |
---------------+-------+-----
Spellcasting   | 3 |  3.1
Dodging        | |  1.5
Stealth        | |  1.8
Conjurations   | |  1.7
Summonings     | |  1.0
Translocations | |  0.7

Action                   || total
-------------------------++-------
Melee: Short sword       ||    56
       Spear             ||    11
 Cast: Magic Dart        ||    45
       Call Imp          ||     3
       Mephitic Cloud    ||     3
  Use: Scroll            ||     2
  Eat: Chunk             ||     1
Armor: Robe              ||    10
Dodge: Dodged            ||    59

Table legend:
 A = Spawn XP
 B = Non-spawn XP
 C = Spawn XP percentage of total XP
 D = Spawn monster count
 E = Non-spawn monster count
 F = Spawn count percentage of total count
 G = Total turns spent on level
                    A         B        C        D         E        F      G
               +---------+---------+-------+---------+---------+-------+---------
         Total |       0 |      61 |   0.0 |       0 |      34 |   0.0 |  1266
               +---------+---------+-------+---------+---------+-------+---------
           D:1 |       0 |      54 |   0.0 |       0 |      29 |   0.0 |  1066
           D:2 |       0 |       7 |   0.0 |       0 |       5 |   0.0 |   200
               +---------+---------+-------+---------+---------+-------+---------
